 Dungeon Crawl Stone Soup version 0.27.0-1-g7a089689b8 (webtiles) character file.

Game seed: 8941279215549922822

80 dolemite99 the Poker (level 4, -7/33 HPs)
             Began as a Merfolk Gladiator on Aug 9, 2021.
             Killed by divine providence
             ... invoked by an orc priest
              (13 damage)
             ... on level 3 of the Dungeon.
             The game lasted 00:02:24 (2197 turns).

dolemite99 the Poker (Merfolk Gladiator)            Turns: 2197, Time: 00:02:24

Health: -7/33      AC:  8    Str: 15    XL:     4   Next: 39%
Magic:  4/4        EV: 10    Int:  7    God:
Gold:   160        SH:  0    Dex: 15    Spells: 3/3 levels left

rFire    . . .     SeeInvis .   a - +0 trident
rCold    + . .     Faith    .   (no shield)
rNeg     + . .     Spirit   .   i - +0 scale mail
rPois    .         Reflect  .   c - +0 helmet
rElec    .         Harm     .   (no cloak)
rCorr    .         Rampage  .   p - +0 pair of gloves
Will     .....                  (no boots)
Stlth    ..........             (no amulet)
HPRegen  0.11/turn              k - ring of protection from cold
MPRegen  0.09/turn              l - ring of positive energy

@: flying
A: (nimble swimmer 2), mertail
a: no special abilities


You were on level 3 of the Dungeon.
You visited 1 branch of the dungeon, and saw 3 of its levels.

You collected 160 gold pieces.

Inventory:

Hand Weapons
 a - a +0 trident (weapon)
Missiles
 d - 2 throwing nets (quivered)
 f - 23 bolts
 h - 32 stones
 m - 6 boomerangs
Armour
 b - a +0 leather armour
 c - a +0 helmet (worn)
 i - a +0 scale mail (worn)
 p - a +0 pair of gloves (worn)
Jewellery
 k - a ring of protection from cold (left hand)
 l - a ring of positive energy (right hand)
 q - a ring of flight
Scrolls
 g - a scroll of brand weapon {unknown}
 o - a scroll of identify {unknown}
Potions
 e - a potion of haste
 n - a potion of cancellation


   Skills:
 - Level 2.1 Fighting
 + Level 7.4 Polearms
 - Level 2.0 Throwing
 - Level 4.0 Dodging


You had 3 spell levels left.
You didn't know any spells.
Your spell library was empty.

Dungeon Overview and Level Annotations

Branches:
Dungeon (3/15)

Altars:

Shops:
D:1 (


Innate Abilities, Weirdness & Mutations

((You are quick and stealthy near water. (Stealth+, EV+, Speed+++)))
Your lower body shifts to a powerful aquatic tail in water.


Message History

You feel yourself slow down. The orc priest hits you with a +0 club.
* * * LOW HITPOINT WARNING * * *
It was a potion of flight.
You feel very buoyant.
You fly up into the air.
The orc priest closely misses you.
You hit the orc priest but do no damage.
You hit the orc priest.
The orc priest is moderately wounded.
The orc priest hits you but does no damage.
You barely miss the orc priest.
The orc priest is moderately wounded.
The orc hits you but does no damage.
You hit the orc priest but do no damage.
The orc priest is moderately wounded.
The orc priest closely misses you. The orc hits you but does no damage.
The orc wizard mumbles some strange words.
The orc wizard flickers and vanishes!
Deactivating autopickup; reactivate with Ctrl-A.
You completely miss the orc priest.
The orc priest is moderately wounded.
The orc priest barely misses you. The orc hits you but does no damage.
You hit the orc priest but do no damage.
The orc priest is moderately wounded.
The orc priest hits you with a +0 club.
* * * LOW HITPOINT WARNING * * *
The orc hits you but does no damage.
You barely miss the orc priest.
The orc priest is moderately wounded.
The orc priest hits you but does no damage.
The orc hits you with a +0 whip.
* * * LOW HITPOINT WARNING * * *
Throw: 3 throwing nets
Press: ? - help, Shift-Dir - straight line, f - orc
Aim: an orc, wielding a +0 whip (60% to hit)
You throw a throwing net. The throwing net hits the orc.
The orc is caught in the net!
The orc priest mumbles some strange prayers to Beogh against you.
Beogh smites you!
You die...

#.....#.# ##
#######.#### #.....>
#..#... #### #..#.##
#...# #..#...
#....##### #.....#
#....oo..# #......
#@#.# ###.... #.#.#####
#.... #.......# #..##
#.###..###.# #..#.
#.....## #.# #..#.
########.# #.####..#.
#........## #...###.##
#.........###.#..###...
#.......##....#........


You could see an orc priest and an orc (caught).

Vanquished Creatures
  An adder (D:2)
  A dart slug (D:1)
  2 orcs (D:3)
  9 ball pythons
  8 bats
  An endoplasm (D:1)
  6 giant cockroaches
  6 goblins
  6 hobgoblins
  4 jackals (D:1)
  A kobold (D:1)
  3 quokkas
  4 frilled lizards
  6 rats
58 creatures vanquished.

Notes
Turn   | Place    | Note
-------+----------+-------------------------------------------
     0 | D:1      | dolemite99 the Merfolk Gladiator began the quest for the
                  | Orb.
     0 | D:1      | Reached XP level 1. HP: 16/16 MP: 1/1
    37 | D:1      | Reached skill level 5 in Polearms
    47 | D:1      | Reached XP level 2. HP: 12/22 MP: 2/2
   358 | D:1      | Found Pun Gitu's Weapon Boutique.
   536 | D:1      | Reached skill level 6 in Polearms
   536 | D:1      | Reached XP level 3. HP: 24/27 MP: 3/3
  1731 | D:2      | Reached XP level 4. HP: 33/33 MP: 4/4
  1735 | D:2      | Reached skill level 7 in Polearms
  1963 | D:3      | Found a faded altar of an unknown god.
  2197 | D:3      | Killed from afar by an orc priest

Illustrated notes

Levels and vault maps discovered:
D:1:      scummos_arrival_star, layout_loops_ring, serial_shops, shop
D:2:      layout_loops_ring
D:3:      minmay_chambers_of_threes, layout_loops_cross,
          hellmonk_ecumenical_altar_inner_sanctum, kennysheep_donut,
          minmay_distorted, uniq_robin, uniq_natasha

Skill      XL: |  1  2  3  4 |
---------------+-------------+-----
Polearms       | 5 6 7 |  7.4
Fighting       | |  2.1
Throwing       | |  2.0
Dodging        | |  4.0

Action                   |  1- 3 |  4- 6 || total
-------------------------+-------+-------++-------
Melee: Trident           |   132 |    52 ||   184
Throw: Throwing net      |       |     1 ||     1
  Use: Potion            |       |     3 ||     3
 Stab: Sleeping          |     3 |       ||     3
Armor: Leather armour    |    27 |       ||    27
       Scale mail        |     7 |    16 ||    23
Dodge: Dodged            |   101 |    23 ||   124
